 Dungeon Sprint DCSS version 0.21.1-1-g345015f (webtiles) character file.

220 equalderp2856 the Blocker (level 5, -1/53 HPs)
             Began as a Minotaur Fighter on May 18, 2018.
             Slain by a vampire (5 damage)
             ... in the Dungeon (Sprint IX: "|||||||||||||||||||||||||||||").
             The game lasted 00:00:38 (271 turns).

equalderp2856 the Blocker (Minotaur Fighter)         Turns: 271, Time: 00:00:39

Health: -1/53      AC: 14    Str: 20    XL:     5   Next: 64%
Magic:  4/4        EV:  7    Int:  5    God:
Gold:   0          SH:  0    Dex: 11    Spells: 4/4 levels left

rFire    . . .     SeeInvis .   p - +2 scimitar (holy)
rCold    . . .     Gourm    .   c - +0 shield
rNeg     . . .     Faith    .   q - +1 chain mail
rPois    .         Spirit   .   (helmet restricted)
rElec    .         Reflect  .   u - +0 cloak
rCorr    .         Harm     .   (no gloves)
MR       .....     NoTele   +   t - +0 pair of boots
Stlth    ..........             (no amulet)
HPRegen  0.17/turn              (no ring)
MPRegen  0.09/turn              (no ring)

@: confused
A: retaliatory headbutt, horns 2
a: no special abilities


You were in the Dungeon.
You were not hungry.

You visited 1 branch

Inventory:

Hand Weapons
 a - a +0 long sword
 p - a +2 scimitar of holy wrath (weapon)
Armour
 b - a +0 scale mail
 c - a +0 shield (worn)
 q - a +1 chain mail (worn)
 t - a +0 pair of boots (worn)
 u - a +0 cloak (worn)
Jewellery
 r - a +3 ring of dexterity
 s - a +2 ring of protection
Wands
 o - a wand of acid (10)
Scrolls
 k - 2 scrolls of blinking
 m - 3 scrolls of remove curse
 n - 2 scrolls of amnesia
Potions
 d - a potion of might
 e - 5 potions of curing
 g - 3 potions of heal wounds
 h - a potion of haste
 i - 4 potions of magic
 j - a potion of berserk rage
 l - a potion of invisibility
Comestibles
 f - a ration


   Skills:
 + Level 7.7 Fighting
 + Level 6.3 Long Blades
 + Level 8.2 Armour
 + Level 2.2 Dodging
 + Level 8.2 Shields


You had 4 spell levels left.
You didn't know any spells.

Dungeon Overview and Level Annotations

Branches:
Dungeon (1/1)

Altars:
Cheibriados
Dithmenos
Elyvilon
Fedhas
Gozag
Hepliaklqana
Kikubaaqudgha
Makhleb
Nemelex Xobeh
Okawaru
Qazlal
Ru
Sif Muna
Trog
Uskayaw
Vehumet
Wu Jian
Xom
Yredelemnul
Zin
The Shining One
Beogh
Jiyva
Lugonu


Innate Abilities, Weirdness & Mutations

You reflexively headbutt those who attack you in melee.
You have a pair of horns on your head.


Message History

Something bites you but does no damage.
You miss something.
The phantom blinks!
Something hits you.
* * * LOW HITPOINT WARNING * * *
Something bites you but does no damage. You block the phantom's attack.
Unknown command.
Your chain mail prevents you from hitting something.
You block something's attack. Something bites you but does no damage.
The phantom blinks!
You closely miss something. You block something's attack.
Something bites you but does no damage. You block the phantom's attack.
You closely miss something. You headbutt something.
You hear some strange, mumbled words.
You are confused.
The phantom hits you but does no damage.
You closely miss something. Something hits you.
* * * LOW HITPOINT WARNING * * *
Something bites you but does no damage.
The phantom hits you but does no damage.
You barely miss something. You headbutt something. Something hits you.
You die...

▓.▓
▓|▓
▓)▓
▓.▓
▓.▓
▓.▓
▓.▓
▓W▓
▓@▓
▓{▓
▓o▓
▓.▓
▓.▓
▓.▓
▓.▓
▓+▓


You could see a phantom and an orc warrior.

Vanquished Creatures
  A black bear (D)
  3 hounds (D)
  An orc wizard (D)
  An orc (D)
  A bat (D)
  A bat zombie (D)
  2 giant cockroaches (D)
  2 frilled lizards (D)
  A leopard gecko skeleton (D)
13 creatures vanquished.

Notes
Turn   | Place    | Note
-------+----------+-------------------------------------------
     0 | D        | equalderp2856 the Minotaur Fighter began the quest for the Orb.
     0 | D        | Reached XP level 1. HP: 19/19 MP: 0/0
    24 | D        | Noticed a hound
    24 | D        | Noticed a hound
    24 | D        | Noticed a hound
    28 | D        | Reached skill level 5 in Armour
    32 | D        | Killed a hound
    32 | D        | Reached skill level 5 in Fighting
    32 | D        | Reached skill level 5 in Shields
    32 | D        | Reached XP level 2. HP: 22/29 MP: 1/1
    32 | D        | Reached XP level 3. HP: 27/36 MP: 2/2
    44 | D        | Reached skill level 1 in Dodging
    44 | D        | Reached XP level 4. HP: 25/45 MP: 3/3
   175 | D        | Found a roughly hewn altar of Beogh.
   175 | D        | Found a snail-covered altar of Cheibriados.
   175 | D        | Found a shadowy altar of Dithmenos.
   175 | D        | Found a white marble altar of Elyvilon.
   175 | D        | Found a blossoming altar of Fedhas.
   175 | D        | Found an opulent altar of Gozag.
   176 | D        | Found a hazy altar of Hepliaklqana.
   177 | D        | Found a viscous altar of Jiyva.
   178 | D        | Found an ancient bone altar of Kikubaaqudgha.
   179 | D        | Found a corrupted altar of Lugonu.
   180 | D        | Found a burning altar of Makhleb.
   181 | D        | Found a sparkling altar of Nemelex Xobeh.
   182 | D        | Found an iron altar of Okawaru.
   183 | D        | Found a stormy altar of Qazlal.
   184 | D        | Found a sacrificial altar of Ru.
   185 | D        | Found a deep blue altar of Sif Muna.
   186 | D        | Found a bloodstained altar of Trog.
   187 | D        | Found a hide-covered altar of Uskayaw.
   188 | D        | Found a radiant altar of Vehumet.
   189 | D        | Found an ornate altar of the Wu Jian Council.
   190 | D        | Found a shimmering altar of Xom.
   191 | D        | Found a basalt altar of Yredelemnul.
   192 | D        | Found a glowing silver altar of Zin.
   193 | D        | Found a glowing golden altar of the Shining One.
   252 | D        | Noticed a black bear
   252 | D        | Noticed a phantom
   252 | D        | Noticed a vampire
   252 | D        | Noticed an orc warrior
   263 | D        | Killed a black bear
   263 | D        | Reached XP level 5. HP: 36/53 MP: 4/4
   271 | D        | Slain by a vampire

Skill      XL: |  1  2  3  4 |
---------------+-------------+-----
Armour         | 6 7 8 |  8.2
Fighting       | 5 6 7 |  7.7
Shields        | 5 6 8 |  8.2
Long Blades    | 3 4 6 |  6.3
Dodging        | 1 2 |  2.2

Action                   |  1- 3 |  4- 6 || total
-------------------------+-------+-------++-------
Melee: Long sword        |    33 |       ||    33
       Headbutt          |     3 |     5 ||     8
       Scimitar          |       |    18 ||    18
Armor: Scale mail        |    16 |       ||    16
       Chain mail        |       |    15 ||    15
Dodge: Dodged            |    13 |     3 ||    16
Block: Shield            |    19 |    10 ||    29
       Rpst.: Long sword |     4 |       ||     4
       Scimitar          |       |     1 ||     1
